 Dungeon Crawl Stone Soup version 0.21-a0-178-g0b87683 (webtiles) character file.

116662 Goblin1989 the Blocker (level 16, -6/125 HPs)
             Began as a Demonspawn Assassin on Aug 9, 2017.
             Was the Champion of Wu Jian.
             Killed from afar by a thorn hunter (25 damage)
             ... with a volley of thorns
             ... on level 2 of the Swamp on Aug 10, 2017.
             The game lasted 03:22:15 (32449 turns).

Goblin1989 the Blocker (Demonspawn Assassin)       Turns: 32449, Time: 03:22:16

Health: -6/125     AC: 18    Str: 14    XL:     16   Next: 21%
Magic:  0/25       EV: 14    Int: 23    God:    Wu Jian [******]
Gold:   897        SH: 16    Dex: 15    Spells: 2/27 levels left

rFire    + . .     SeeInvis +   a - +7 short sword "Dihyvu" {pierce, rPois rF+ Str-4 Int+4}
rCold    . . .     Gourm    .   D - +0 shield
rNeg     . . .     Faith    .   q - +4 scale mail of Sunlight {+Fly rElec MR+ SInv}
rPois    +         Spirit   +   (helmet restricted)
rElec    +         Reflect  +   G - +1 cloak {+Inv}
rCorr    +         Harm     .   u - +0 pair of gloves
MR       +++..                  (boots unavailable)
Stlth    +.........             r - +4 amulet of reflection
HPRegen  1.70/turn              m - ring of protection from magic {=R}
MPRegen  0.38/turn              J - +6 ring of intelligence

@: exhausted, about to teleport, regenerating
A: antennae 1, hooves 3, yellow scales 3, foul stench 1, regeneration 1, magic
shield, magic regeneration, rot immunity
a: Serpent's Lash, Heavenly Storm, Renounce Religion, Evoke Invisibility, Evoke
Flight


You were on level 2 of the Swamp.
You worshipped Wu Jian.
Wu Jian was exalted by your worship.
You were hungry.

You visited 4 branches of the dungeon, and saw 25 of its levels.
You also visited: Ossuary.

You collected 2597 gold pieces.
You spent 1700 gold pieces at shops.

Inventory:

Hand Weapons
 a - the +7 short sword "Dihyvu" (weapon) {pierce, rPois rF+ Str-4 Int+4}
   (You bought it in a shop on level 2 of the Orcish Mines)

   It inflicts extra damage upon your enemies.
   It affects your strength (-4).
   It affects your intelligence (+4).
   It protects you from fire.
   It protects you from poison.
 j - a +0 fustibalus
 w - a +0 blowgun {@w1}
Missiles
 f - 5 curare-tipped needles
 o - 7 needles of sleeping
 y - 823 stones (quivered)
 z - 177 sling bullets
 U - 74 poisoned needles
 Z - 3 throwing nets {!d}
Armour
 q - the +4 scale mail of Sunlight (worn) {+Fly rElec MR+ SInv}
   (You found it on level 6 of the Lair of Beasts)

   It insulates you from electricity.
   It affects your resistance to hostile enchantments.
   It lets you see invisible.
   It lets you fly.
 u - a +0 pair of gloves (worn)
 D - a +0 shield (worn)
 G - a +1 cloak of invisibility (worn)
Jewellery
 d - the ring of Dyjaram {Ice rN+}
   (You found it on level 5 of the Lair of Beasts)

   [ring of ice]

   It enhances your ice magic.
   It makes you vulnerable to fire.
   It protects you from cold.
   It protects you from negative energy.
 m - a ring of protection from magic (left hand) {=R}
 r - a +4 amulet of reflection (around neck)
 J - a +6 ring of intelligence (right hand)
 R - a cursed ring of teleportation {unknown}
 Y - the ring of Xom's Wantonness {Str+2 Dex+2 SInv}
   (You found it on level 4 of the Dungeon)

   [ring of dexterity]

   It affects your strength (+2).
   It affects your dexterity (+2).
   It lets you see invisible.
Wands
 c - a wand of scattershot (0/9)
 E - a wand of enslavement (9/24)
 I - a wand of confusion (6/48)
 L - a wand of lightning (5/15)
Scrolls
 b - 4 scrolls of recharging
 A - 6 scrolls of enchant weapon
 B - 4 scrolls of blinking
 M - 5 scrolls of magic mapping
 S - 11 scrolls of remove curse {@r2}
 T - 5 scrolls of teleportation {!r, @r3}
 V - 6 scrolls of enchant armour
Potions
 g - 4 potions of invisibility
 h - 2 potions of cancellation
 i - 3 potions of lignification
 k - a potion of mutation {!q}
 p - 5 potions of agility
 t - a potion of brilliance
 v - a potion of ambrosia
 F - 4 potions of flight
 H - 7 potions of curing {@q1}
 P - 5 potions of haste {@q3, !q}
 Q - 2 potions of might
Books
 O - a book of Callings

   Spells                             Type                      Level
   a - Summon Small Mammal            Summoning                    1
   b - Call Imp                       Summoning                    2
   c - Call Canine Familiar           Summoning                    3
   d - Summon Guardian Golem          Hexes/Summoning              3
   e - Summon Lightning Spire         Summoning/Air                4
   f - Summon Ice Beast               Ice/Summoning                4
Miscellaneous
 l - a phial of floods
 n - a lamp of fire
 W - a fan of gales (inert)
Comestibles
 e - 14 bread rations {@e1}
 C - 14 royal jellies
 K - 11 meat rations {@e2}
 X - 32 fruits


   Skills:
 - Level 11.1 Fighting
 - Level 12.0(12.1) Short Blades
   Level 3.0(8.4) Long Blades
 - Level 1.7 Throwing
 - Level 4.9 Armour
 - Level 9.0 Dodging
 - Level 5.2 Stealth
 * Level 12.3 Shields
 - Level 6.0 Spellcasting
 + Level 7.2 Hexes
 - Level 6.6 Charms
 - Level 8.0 Necromancy
 * Level 5.3 Translocations
 - Level 7.0 Evocations


You had 2 spell levels left.
You knew the following spells:

 Your Spells              Type           Power        Failure   Level  Hunger
a - Lesser Beckoning      Tloc           ####......   16%         3    #......
b - Animate Skeleton      Necr           N/A          1%          1    None
h - Shroud of Golubria    Chrm/Tloc      ####......   6%          2    None
j - Portal Projectile     Hex/Tloc       #####.       10%         3    #......
o - Apportation           Tloc           ####..       4%          1    None
y - Song of Slaying       Chrm           #####...     4%          2    None
E - Animate Dead          Necr           N/A          17%         4    ###....
I - Invisibility          Hex            #####...     98%         6    ######.
R - Regeneration          Chrm/Necr      #####.....   7%          3    #......


Dungeon Overview and Level Annotations

Branches:
Dungeon (15/15)            Temple (0/1) D:5            Lair (6/6) D:8
  Swamp (2/4) Lair:3        Snake (0/4) Lair:2        Slime (0/5) Lair:6
    Orc (2/2) D:12            Elf (0/3) Orc:2        Vaults (0/5) D:13
 Depths (0/5) D:15

Altars:
Ashenzari
Dithmenos
Kikubaaqudgha
Nemelex Xobeh
Okawaru
Trog
Vehumet
Wu Jian
Xom
Yredelemnul
Zin
The Shining One

Shops:
D:7 ![%:   D:15 %   Orc:2 (:?*

Portals:
Pandemonium: Orc:2

Annotations:
D:2 1 runed door
D:6 exclusion: Menkaure, Menkaure
Lair:5 exclusion: 2 oklob plants
Lair:6 1 runed door
Swamp:2 Louise, Nikola


Innate Abilities, Weirdness & Mutations

You have hooves in place of feet.
You are completely covered in yellow scales. (AC +4, rCorr)
You may emit foul miasma when damaged in melee.
When hurt, damage is shared between your health and your magic reserves.
You regenerate magic rapidly.
You are immune to rotting.
You have a pair of small antennae on your head.
Your natural rate of healing is unusually fast.


Message History

The volley of thorns misses you.
Louise splashes around in the water.
Unknown command.
You spin and attack Louise repeatedly.
You puncture Louise! You kick Louise, but do no damage.
Louise is moderately wounded.
Louise blocks your attack.
You kick Louise.
Louise is moderately wounded.
The thorn hunter fires a volley of thorns at you.
The volley of thorns hits you!
* * * LOW HITPOINT WARNING * * *
Unknown command.
You take 25 damage, and have 50/125 hp.
You now have 9/25 mp.
Unknown command.
Unknown command.
You enter the shallow water.
Moving in this stuff is going to be slow.
The thorn hunter hits the briar patch.
The thorn hunter hits the briar patch!
The briar patch is destroyed!
Your muscles tense, ready for explosive movement...
Louise blocks your attack.
Louise is moderately wounded.
Louise blocks your attack.
Your kick misses Louise.
Louise is moderately wounded.
Louise gibbers incoherently.
Louise gestures at you while chanting. The bolt of lightning hits you!
You resist.
* * * LOW HITPOINT WARNING * * *
You take 11 damage, and have 42/125 hp.
You now have 8/25 mp.
You hit Louise. Your kick misses Louise.
Louise is moderately wounded.
Unknown command.
Unknown command.
Unknown command.
Louise blocks your attack.
You kick Louise, but do no damage.
Louise is moderately wounded.
Louise casts a spell.
Louise blinks!
Zoom!
You enter the shallow water.
Moving in this stuff is going to be slow.
You lunge with incredible momentum at Louise in a flurry of attacks.
Your unstable footing causes you to fumble your attack. x2
You impale Louise!!
Louise is heavily wounded.
SWOOSH!
You spin and attack Louise repeatedly.
Louise blocks your attack. x2
Louise is heavily wounded.
You hit Louise but do no damage.
Louise is heavily wounded.
Louise completely misses you. Louise blocks your attack.
Louise is heavily wounded.
You hit Louise. Your kick misses Louise.
Louise is severely wounded.
Louise hits you with an eveningstar of holy wrath!
* * * LOW HITPOINT WARNING * * *
You convulse.
* * * LOW HITPOINT WARNING * * *
You take 9 damage, and have 34/125 hp.
You now have 7/25 mp.
Casting: Lesser Beckoning
Confirm with . or Enter, or press ? or * to list all spells.
Aiming: Lesser Beckoning
Press: ? - help, Shift-Dir - straight line, f - you
Okay, then.
Unknown command.
Casting: Lesser Beckoning
Confirm with . or Enter, or press ? or * to list all spells.
Your skin crawls.
You now have 5/25 mp.
You hit Louise but do no damage.
Louise is severely wounded.
Louise hits you with an eveningstar of holy wrath.
* * * LOW HITPOINT WARNING * * *
You convulse!
* * * LOW HITPOINT WARNING * * *
You take 11 damage, and have 24/125 hp.
You now have 4/25 mp.
You hit Louise but do no damage.
Louise is severely wounded.
Unknown command.
Unknown command.
Unknown command.
Really read
T - 6 scrolls of teleportation {!r, @r3}?
As you read the scroll of teleportation {!r, @r3}, it crumbles to dust.
You feel strangely unstable.
Louise hits you with an eveningstar of holy wrath.
* * * LOW HITPOINT WARNING * * *
You convulse.
* * * LOW HITPOINT WARNING * * *
You take 8 damage, and have 17/125 hp.
You now have 3/25 mp.
Unknown command.
Unknown command.
You hit Louise.
Louise is severely wounded.
You block Louise's attack.
Unknown command.
Louise blocks your attack.
Louise is severely wounded.
The thorn hunter fires a volley of thorns at you.
The volley of thorns hits you!
You die...

≈≈......♣♣.≈≈≈≈♣.≈§....PP≈≈..≈≈≈.
≈≈≈..≈≈≈.♣.≈≈≈.♣ .....PfPPP≈.≈≈.
≈≈≈...≈≈≈..≈≈≈.♣ ...≈≈PPPP♣♣♣.[≈
≈≈.≈......≈≈≈≈♣♣ ≈[♣♣♣≈..♣♣ ≈♣
............≈≈≈♣♣♣♣♣ ♣≈.≈.♣♣♣♣♣.≈
..≈≈≈....≈♣≈...≈≈.♣♣♣♣..≈≈≈..≈≈≈≈
≈≈≈≈≈≈≈..♣♣♣..≈.≈≈...≈♣.)≈≈≈≈≈♣≈.
≈≈≈≈≈≈≈≈≈.♣♣....@≈.≈≈≈.≈≈≈≈≈≈.≈♣
..≈≈≈≈≈≈≈....≈..@f.≈≈≈≈≈≈≈.≈≈.♣♣
♣♣≈..≈≈≈≈..♣≈.≈♣♣.§≈≈≈≈≈≈.≈≈≈.♣
♣♣♣♣.≈≈≈.♣♣♣♣≈....≈≈.≈≈≈.≈≈.≈♣
♣♣≈.≈.♣ ♣≈........≈....♣♣♣ ♣♣≈.≈♣
♣♣≈≈≈...≈....<.≈♣ ♣♣..♣♣
♣♣♣.≈≈..♣♣♣♣≈...♣♣ ♣≈..♣
♣≈≈≈.≈...≈♣ ...≈≈ ♣..♣♣
♣..≈.....≈♣ ♣♣♣♣♣♣♣♣..≈≈.♣♣♣♣♣


You could see Louise and a thorn hunter.

Vanquished Creatures
  Snorg (Lair:3)
  Josephine (Lair:5)
  A fire dragon (D:9)
  8 hydras
  8 vault guards (D:13)
  3 centaur warriors
  A ghost crab (Swamp:1)
  6 two-headed ogres
  2 death yaks (Lair:6)
  4 alligators
  7 orc high priests
  Urug (D:12)
  The ghost of MackTheKnife the Fighter, a novice VSBe of Trog (Orc:2)
  A sixfirhy (Orc:2)
  2 unseen horrors
  A gelid demonspawn (Orc:2)
  2 swamp dragons
  An infernal demonspawn (Orc:2)
  A torturous demonspawn (Orc:2)
  A lindwurm (Lair:6)
  A necromancer (D:15)
  8 orc knights
  3 deep elf magi
  10 ugly things
  2 manticores
  9 orc sorcerers
  3 cyclopes
  8 elephants
  3 centaur zombies
  A naga mage (D:15)
  A rust devil (Orc:2)
  13 spiny frogs
  6 black mambas
  2 orange demons (Orc:2)
  2 gargoyles
  A torpor snail (shapeshifter) (D:13)
  4 torpor snails
  8 komodo dragons
  A freezing wraith (D:15)
  A rime drake (Lair:3)
  2 kobold demonologists
  6 meliai
  A troll (shapeshifter) (D:13)
  2 tengu conjurers (D:14)
  A hellwing (Orc:2)
  A harpy zombie (D:15)
  8 trolls
  6 tyrant leeches
  A merfolk (D:10)
  8 blink frogs
  5 polar bears
  4 bog bodies
  10 hornets
  9 hippogriffs
  3 dream sheep (Lair:5)
  16 slime creatures
  2 centaur simulacra (D:15)
  Sigmund (D:5)
  A meliai zombie (D:13)
  2 spriggans (Swamp:2)
  3 wraiths
  A wyvern (D:14)
  2 shadows
  46 yaks
  5 basilisks
  2 hungry ghosts
  4 vampire mosquitoes (Swamp:1)
  6 insubstantial wisps (Swamp:2)
  An acid dragon (D:15)
  5 swamp worms (Swamp:1)
  2 soldier ants
  A warg (D:12)
  3 nagas (Lair:2)
  11 water moccasins
  6 porcupines
  4 swamp drakes
  48 orc warriors
  8 sky beasts
  9 black bears
  15 wolves
  4 ice beasts
  2 necrophages
  14 ogres
  7 centaurs
  6 big kobolds
  13 crocodiles
  An elf zombie (Ossuary)
  15 bullfrogs
  2 water moccasin zombies
  A wyvern zombie (D:15)
  A wyvern skeleton (D:13)
  3 scorpions
  14 killer bees
  12 wights
  5 howler monkeys
  5 crimson imps
  4 bullfrog zombies
  A quasit (D:9)
  4 hounds
  6 jellies
  40 orc priests
  2 bullfrog skeletons
  35 orc wizards
  6 centaur skeletons
  A gnoll shaman (D:6)
  3 human zombies (Ossuary)
  5 iguanas
  Ijyb (D:4)
  Terence (D:2)
  5 hell rats (Lair:4)
  12 worker ants
  2 big kobold zombies (Ossuary)
  3 hound skeletons
  2 hound zombies
  4 mummies (Ossuary)
  A howler monkey zombie (D:8)
  8 gnolls
  A worker ant zombie (D:7)
  9 adders
  2 shadow imps
  2 adder skeletons
  3 adder zombies
  3 worms
  4 dart slugs
  8 leopard geckos
  100 orcs
  5 giant cockroaches
  6 goblins
  3 hobgoblins
  6 jackals
  5 quokkas
  3 bats
  2 frilled lizards
  A giant cockroach zombie (D:6)
  A goblin zombie (Ossuary)
  A jackal zombie (Ossuary)
  16 kobolds
  An orc zombie (Ossuary)
  2 quokka skeletons
  5 rats
851 creatures vanquished.

Vanquished Creatures (collateral kills)
  2 tengu warriors (D:13)
  A death yak (Lair:6)
  A manticore (D:12)
  2 torpor snails (Lair:6)
  2 spiny frogs
  2 komodo dragons
  2 polar bears (Lair:2)
  2 hornets (Lair:6)
  3 tyrant leeches
  A dream sheep (Lair:5)
  A wraith (Lair:5)
  14 yaks
  A wyvern (D:13)
  2 swamp worms (Swamp:1)
  2 water moccasins (Lair:3)
  An orc warrior (D:15)
  A black bear (Lair:2)
  2 centaurs (D:15)
  2 wolves (Lair:4)
  An orc wizard (Orc:2)
  A hell rat (Lair:4)
  2 orcs
  4 fungi (Lair:6)
  5 plants
57 creatures vanquished.

Vanquished Creatures (others)
  A cyclops (D:15)
  A centaur skeleton (D:15)
  A hornet (Swamp:2)
  A bog body (Swamp:2)
  A swamp worm (Swamp:2)
  A swamp drake (Swamp:2)
  A centaur (D:14)
  A kobold (D:13)
  3 briar patches (Swamp:2)
  4 fungi (Lair:6)
  19 plants
34 creatures vanquished.

Grand Total: 942 creatures vanquished

Notes
Turn   | Place    | Note
-------+----------+-------------------------------------------
     0 | D:1      | Goblin1989 the Demonspawn Assassin began the quest for the Orb.
     0 | D:1      | Reached XP level 1. HP: 16/16 MP: 1/1
   589 | D:1      | Gained mutation: You are partially covered in yellow scales. (AC +2) [demonic ancestry]
   589 | D:1      | Reached XP level 2. HP: 23/23 MP: 2/2
  1100 | D:2      | Gained mutation: You are mostly covered in yellow scales. (AC +3) [demonic ancestry]
  1100 | D:2      | Reached XP level 3. HP: 29/29 MP: 3/3
  1292 | D:2      | Found an ornate altar of the Wu Jian Council.
  1295 | D:2      | Became a worshipper of the Wu Jian Council
  1559 | D:2      | Noticed Terence
  1566 | D:2      | Killed Terence
  1566 | D:2      | Reached XP level 4. HP: 37/37 MP: 4/4
  1596 | D:2      | Found a runed door.
  1650 | D:2      | Found a glowing silver altar of Zin.
  1756 | D:2      | Reached skill level 1 in Shields
  1779 | D:2      | Found a radiant altar of Vehumet.
  2724 | D:4      | Reached XP level 5. HP: 37/43 MP: 5/5
  2727 | D:4      | Got a scorched glass ring
  2736 | D:4      | Identified the ring of Xom's Wantonness {Str+2 Dex+2 SInv} (You found it on level 4 of the Dungeon)
  2798 | D:4      | Reached * piety under Wu Jian
  3029 | D:4      | Reached skill level 1 in Dodging
  3289 | D:4      | Reached XP level 6. HP: 17/50 MP: 2/6
  3524 | D:4      | Reached skill level 5 in Fighting
  3699 | D:4      | Found a sparkling altar of Nemelex Xobeh.
  3706 | D:4      | Noticed Ijyb
  3712 | D:4      | Paralysed by Ijyb for 3 turns
  3718 | D:4      | Killed Ijyb
  3745 | D:4      | Found a basalt altar of Yredelemnul.
  4091 | D:5      | Entered Level 5 of the Dungeon
  4091 | D:5      | Noticed Sigmund
  4096 | D:5      | Killed Sigmund
  4096 | D:5      | Reached skill level 5 in Stealth
  4096 | D:5      | Gained mutation: You are completely covered in yellow scales. (AC +4, rCorr) [demonic ancestry]
  4096 | D:5      | Reached XP level 7. HP: 47/56 MP: 5/7
  4218 | D:5      | Found a sand-covered staircase.
  4232 | Ossuary  | Entered an ossuary
  4352 | Ossuary  | Reached ** piety under Wu Jian
  4365 | Ossuary  | Reached skill level 1 in Evocations
  4400 | Ossuary  | HP: 2/57 [mummy (10)]
  4874 | D:5      | Reached XP level 8. HP: 56/64 MP: 8/8
  5147 | D:5      | Found an iron altar of Okawaru.
  5204 | D:5      | Found a staircase to the Ecumenical Temple.
  5223 | D:5      | Gained mutation: Armour fits poorly on your strangely shaped body. [mutagenic meat]
  5224 | D:5      | Gained mutation: You are clumsy. (Dex -2) [mutagenic meat]
  5226 | D:5      | Gained mutation: You have a pair of small antennae on your head. [mutagenic meat]
  5227 | D:5      | Gained mutation: Your natural rate of healing is unusually fast. [mutagenic meat]
  5696 | D:6      | Noticed Menkaure
  5741 | D:6      | Lost mutation: Armour fits poorly on your strangely shaped body. [mutagenic meat]
  5742 | D:6      | Lost mutation: You are clumsy. (Dex -2) [mutagenic meat]
  5908 | D:6      | Reached skill level 5 in Short Blades
  5921 | D:6      | Reached *** piety under Wu Jian
  5969 | D:6      | Gained mutation: You are immune to rotting. [demonic ancestry]
  5969 | D:6      | Reached XP level 9. HP: 71/71 MP: 11/11
  6831 | D:7      | Reached skill level 5 in Dodging
  6878 | D:7      | Found Ytuplekao's Book Shoppe.
  7140 | D:7      | Found Burr's Food Boutique.
  7174 | D:7      | Learned a level 3 spell: Portal Projectile
  7179 | D:7      | Learned a level 4 spell: Leda's Liquefaction
  7388 | D:7      | Found Zoiras's Distillery.
  7391 | D:7      | Bought a potion of lignification for 39 gold pieces
  7391 | D:7      | Bought a potion of invisibility for 104 gold pieces
  7391 | D:7      | Bought a potion of heal wounds for 65 gold pieces
  7539 | D:7      | Found Nasaadug's Armour Shoppe.
  7710 | D:8      | Found a staircase to the Lair.
  7852 | D:8      | Reached **** piety under Wu Jian
  7914 | D:8      | Gained mutation: When hurt, damage is shared between your health and your magic reserves. [demonic ancestry]
  7914 | D:8      | Reached XP level 10. HP: 73/80 MP: 13/13
  8555 | D:8      | Found a bloodstained altar of Trog.
  8944 | D:9      | Noticed a two-headed ogre
  8962 | D:9      | Killed a two-headed ogre
  9012 | D:9      | Found a transporter.
  9012 | D:9      | Found a transporter.
  9012 | D:9      | Found an ancient bone altar of Kikubaaqudgha.
  9012 | D:9      | Found a shadowy altar of Dithmenos.
  9012 | D:9      | Noticed a fire dragon
  9019 | D:9      | Found a glowing golden altar of the Shining One.
  9330 | D:9      | Learned a level 1 spell: Animate Skeleton
  9870 | D:10     | Entered Level 10 of the Dungeon
  9890 | D:10     | Noticed a gargoyle
  9937 | D:9      | Reached skill level 1 in Spellcasting
 10137 | D:10     | Killed a gargoyle
 10137 | D:10     | Reached skill level 1 in Necromancy
 11003 | D:11     | Noticed a smoke demon
 11005 | D:11     | Reached ***** piety under Wu Jian
 11005 | D:11     | Gained mutation: You have large cloven feet. [demonic ancestry]
 11005 | D:11     | Reached XP level 11. HP: 85/87 MP: 12/14
 12104 | D:12     | Reached skill level 5 in Shields
 12106 | D:12     | Reached skill level 1 in Armour
 12176 | D:12     | Noticed a deep elf mage
 12217 | D:12     | Killed a deep elf mage
 12387 | D:12     | Noticed an unseen horror
 12402 | D:12     | Killed an unseen horror
 13187 | D:12     | Found a staircase to the Orcish Mines.
 13424 | Lair:1   | Entered Level 1 of the Lair of Beasts
 13595 | D:8      | Reached skill level 5 in Evocations
 13767 | Lair:1   | Learned a level 2 spell: Song of Slaying
 13770 | Lair:1   | Learned a level 2 spell: Shroud of Golubria
 13883 | Lair:1   | Noticed a five-headed hydra
 13899 | Lair:1   | Killed a five-headed hydra
 13958 | Lair:1   | Gained mutation: You regenerate magic rapidly. [demonic ancestry]
 13958 | Lair:1   | Reached XP level 12. HP: 93/95 MP: 16/16
 14108 | Lair:1   | Reached skill level 10 in Short Blades
 14322 | Lair:1   | Learned a level 3 spell: Regeneration
 14898 | Lair:2   | Upgraded the game from 0.21-a0-176-gb3d4b37 to 0.21-a0-178-g0b87683
 14906 | Lair:2   | Reached ****** piety under Wu Jian
 15190 | Lair:2   | Found a staircase to the Snake Pit.
 15706 | Lair:2   | Reached skill level 1 in Charms
 16133 | D:9      | Killed a fire dragon
 16570 | Lair:3   | Reached skill level 5 in Necromancy
 16577 | Lair:3   | Noticed Snorg
 16592 | Lair:3   | Killed Snorg
 16940 | Lair:3   | Gained mutation: You have hoof-like feet. [demonic ancestry]
 16940 | Lair:3   | Reached XP level 13. HP: 103/103 MP: 18/18
 17210 | Lair:3   | You fall through a shaft for 3 floors!
 17210 | Lair:6   | Entered Level 6 of the Lair of Beasts
 17284 | Lair:5   | Got a steaming golden ring
 17301 | Lair:5   | Identified the ring of Dyjaram {Ice rN+} (You found it on level 5 of the Lair of Beasts)
 17471 | Lair:4   | Found a shattered altar of Ashenzari.
 17763 | Lair:3   | Found a staircase to the Swamp.
 18422 | Lair:4   | Reached skill level 10 in Fighting
 19181 | Lair:5   | Noticed Josephine
 19937 | Lair:5   | Killed Josephine
 20907 | Lair:6   | Reached skill level 5 in Charms
 21078 | Lair:6   | Got an ancient scale mail
 21089 | Lair:6   | Identified the +4 scale mail of Sunlight {+Fly rElec MR+ SInv} (You found it on level 6 of the Lair of Beasts)
 21270 | Lair:6   | Found a staircase to the Slime Pits.
 21431 | Lair:6   | Gained mutation: You have hooves in place of feet. [demonic ancestry]
 21431 | Lair:6   | Reached XP level 14. HP: 106/111 MP: 17/19
 21439 | Lair:6   | Learned a level 4 spell: Animate Dead
 21865 | Lair:6   | Found a runed door.
 21955 | Lair:6   | Paralysed by a hornet for 1 turns
 22806 | Orc:1    | Entered Level 1 of the Orcish Mines
 22806 | Orc:1    | Noticed Urug
 22824 | D:12     | Killed Urug
 23077 | Orc:1    | Found a shimmering altar of Xom.
 23489 | Orc:2    | Entered Level 2 of the Orcish Mines
 24011 | Orc:2    | Noticed MackTheKnife's ghost (novice VSBe)
 24049 | Orc:2    | Killed MackTheKnife's ghost
 24351 | Orc:2    | Reached skill level 10 in Shields
 24627 | Orc:2    | Found a staircase to the Elven Halls.
 24758 | Orc:2    | Found Utul's General Store.
 24834 | Orc:2    | Found Odyrav's Magic Scroll Emporium.
 25112 | Orc:2    | Bought a scroll of vulnerability for 90 gold pieces
 25112 | Orc:2    | Bought a scroll of holy word for 90 gold pieces
 25112 | Orc:2    | Bought a scroll of blinking for 90 gold pieces
 25112 | Orc:2    | Bought a scroll of teleportation for 36 gold pieces
 25112 | Orc:2    | Bought a scroll of blinking for 90 gold pieces
 25720 | Orc:2    | Reached skill level 1 in Long Blades
 26528 | Orc:2    | Gained mutation: You may emit foul miasma when damaged in melee. [demonic ancestry]
 26528 | Orc:2    | Reached XP level 15. HP: 83/118 MP: 18/21
 26644 | Orc:2    | Found Catsouttouxt's Antique Weapon Boutique.
 26644 | Orc:2    | Found a one-way gate leading to the halls of Pandemonium.
 26644 | Orc:2    | Found Mone Iss's Book Shop.
 26646 | Orc:2    | Bought a twisted short sword for 296 gold pieces
 26649 | Orc:2    | Identified the +7 short sword "Dihyvu" {pierce, rPois rF+ Str-4 Int+4} (You bought it in a shop on level 2 of the Orcish Mines)
 26655 | Orc:2    | Bought a book of Party Tricks for 800 gold pieces
 26790 | D:13     | Found a gate to the Vaults.
 26802 | D:13     | Reached skill level 1 in Hexes
 27297 | D:13     | Reached skill level 5 in Spellcasting
 27791 | D:14     | Reached skill level 5 in Hexes
 28137 | Lair:5   | Learned a level 6 spell: Invisibility
 28139 | Lair:5   | Learned a level 1 spell: Apportation
 28662 | D:14     | Learned a level 3 spell: Lesser Beckoning
 29050 | D:14     | Reached skill level 1 in Translocations
 29130 | D:15     | Entered Level 15 of the Dungeon
 29179 | D:15     | Found a glowing golden altar of the Shining One.
 29691 | D:15     | Identified the +1 ring mail "Ziajom Zojo" {Int+2} (You found it on level 15 of the Dungeon)
 29956 | D:15     | Found a staircase to the Depths.
 30027 | D:15     | Paralysed by a hornet for 2 turns
 30224 | D:15     | Found Xonehuo's Food Shop.
 30668 | Swamp:1  | Entered Level 1 of the Swamp
 30997 | Swamp:1  | Reached XP level 16. HP: 98/125 MP: 20/25
 31907 | Swamp:2  | Reached skill level 5 in Translocations
 32073 | Swamp:2  | Noticed Nikola
 32125 | Swamp:2  | Noticed a thorn hunter
 32427 | Swamp:2  | Noticed Louise
 32449 | Swamp:2  | Killed from afar by a thorn hunter

Vault maps used:
D:1:      scummos_arrival_simple_crosswalls, nrook_uturn
D:2:      zin_academy, vehumet_crystals, marbit_many_paths,
          minmay_item_behind_shaft, grunt_ministairs_10,
          uniq_crazy_yiuf_cottage, uniq_terence
D:4:      yredelemnul_altar_generic, nemelex_xobeh_ov_fountains_minmay,
          first_bread, uniq_ijyb
D:5:      okawaru_trees_1, minmay_temple_entry_enclosed_plants,
          nicolae_ossuary_entry_monument, minmay_tree_intersection, uniq_sigmund
D:6:      uniq_menkaure
D:7:      serial_shops, nicolae_shop_crystal, nicolae_shop_window_shopping,
          shop, nicolae_shop_statue_plus
D:8:      lemuel_doored_altar, david_lair_generic
D:9:      gammafunk_temple_overflow_arena
D:10:     hangedman_fish_farm
D:12:     orc_0_dummy, hangedman_decor_peaks_small, minmay_door_square
D:13:     erik_vaults_2
D:14:     small_statue_alley_a
D:15:     grunt_enter_depths_magical_seal, serial_shops, shop, tso_metal_star,
          grunt_decor_mini_mirrors
Lair:2:   beast_lair_carwin_large_4, guppyfry_snake_entry_garden,
          lemuel_fruit_fields
Lair:3:   minmay_swamp_entry_worms, lemuel_fruit_tree, uniq_snorg
Lair:4:   basic_altar, st_stairs_8, grunt_megastairs_4
Lair:5:   lemuel_fruit_fields, minmay_lair_oklob_chamber,
          infiniplex_staircase_pool_2, uniq_josephine
Lair:6:   wormcave, slime_dummy
Swamp:1:  evilmike_swamp_ruin_house_1
Swamp:2:  nicolae_swamp_rocky_clearing, uniq_nikola, uniq_louise
Orc:1:    basic_altar, uniq_urug
Orc:2:    pf_orc_diabolical
Ossuary:  ossuary_minmay_tomb_2a

Skill      XL: |  1  2  3  4  5  6  7  8  9 10 11 12 13 14 15 16 |
---------------+-------------------------------------------------+-----
Fighting       | 3 4 5 6 7 8 9 10 11 | 11.1
Shields        | 1 2 3 4 6 7 9 10 11 12 | 12.3
Stealth        | 4 5 |  5.2
Dodging        | 1 2 3 4 5 6 7 8 9 |  9.0
Short Blades   | 3 5 7 9 10 11 12 | 12.0
Evocations     | 1 3 4 5 7 |  7.0
Spellcasting   | 1 3 4 6 |  6.0
Necromancy     | 2 4 5 7 8 |  8.0
Armour         | 2 4 |  4.9
Charms         | 2 5 6 |  6.6
Long Blades    | 2 3 |  3.0
Hexes          | 6 7 |  7.2
Translocations | 4 5 |  5.3
Throwing       | |  1.7

Action                   |  1- 3 |  4- 6 |  7- 9 | 10-12 | 13-15 | 16-18 || total
-------------------------+-------+-------+-------+-------+-------+-------++-------
Melee: Dagger            |    63 |   164 |   772 |   198 |       |       ||  1197
       Blowgun           |       |       |     1 |       |       |       ||     1
       Short sword       |       |       |       |  1214 |  2806 |   332 ||  4352
       Kick              |       |       |       |   429 |  1136 |   110 ||  1675
 Fire: Blowgun           |       |     3 |    15 |    15 |       |       ||    33
 Cast: Animate Skeleton  |       |       |       |    36 |    91 |       ||   127
       Regeneration      |       |       |       |       |     3 |     2 ||     5
       Song of Slaying   |       |       |       |       |     2 |     1 ||     3
       Lesser Beckoning  |       |       |       |       |       |     1 ||     1
Invok: Serpent's Lash    |       |       |       |       |     7 |     3 ||    10
       Heavenly Storm    |       |       |       |       |     1 |     1 ||     2
Evoke: Wand              |       |       |     4 |    28 |    40 |     1 ||    73
       Phial of floods   |       |       |       |     1 |       |       ||     1
       Fan of gales      |       |       |       |       |       |     1 ||     1
  Use: Potion            |       |       |     4 |     8 |       |     1 ||    13
       Scroll            |       |       |     9 |    16 |     9 |     4 ||    38
 Stab: Sleeping          |     6 |     5 |    18 |    12 |     7 |       ||    48
       Distracted        |     1 |       |       |     5 |    11 |       ||    17
       Paralysed         |       |       |     2 |       |       |       ||     2
       Confused          |       |       |       |    11 |     8 |     1 ||    20
  Eat: Chunk             |     2 |     8 |    22 |    31 |    46 |     3 ||   112
       Fruit             |       |       |       |       |     4 |     2 ||     6
Armor: Robe              |    11 |    36 |   130 |    38 |       |       ||   215
       Leather armour    |       |       |    18 |       |       |       ||    18
       Acid dragon scale |       |       |       |   191 |    84 |       ||   275
       Scale mail        |       |       |       |       |   268 |    57 ||   325
       Swamp dragon scal |       |       |       |       |    10 |    15 ||    25
Dodge: Dodged            |    23 |    69 |   343 |   505 |   624 |    94 ||  1658
Block: Buckler           |       |    24 |   128 |    50 |       |       ||   202
       Shield            |       |       |       |   415 |  1210 |   169 ||  1794
       Reflection        |       |       |       |       |    43 |     1 ||    44

Vault maps used:
D:1:      scummos_arrival_simple_crosswalls, nrook_uturn
D:2:      zin_academy, vehumet_crystals, marbit_many_paths,
          minmay_item_behind_shaft, grunt_ministairs_10,
          uniq_crazy_yiuf_cottage, uniq_terence
D:4:      yredelemnul_altar_generic, nemelex_xobeh_ov_fountains_minmay,
          first_bread, uniq_ijyb
D:5:      okawaru_trees_1, minmay_temple_entry_enclosed_plants,
          nicolae_ossuary_entry_monument, minmay_tree_intersection, uniq_sigmund
D:6:      uniq_menkaure
D:7:      serial_shops, nicolae_shop_crystal, nicolae_shop_window_shopping,
          shop, nicolae_shop_statue_plus
D:8:      lemuel_doored_altar, david_lair_generic
D:9:      gammafunk_temple_overflow_arena
D:10:     hangedman_fish_farm
D:12:     orc_0_dummy, hangedman_decor_peaks_small, minmay_door_square
D:13:     erik_vaults_2
D:14:     small_statue_alley_a
D:15:     grunt_enter_depths_magical_seal, serial_shops, shop, tso_metal_star,
          grunt_decor_mini_mirrors
Lair:2:   beast_lair_carwin_large_4, guppyfry_snake_entry_garden,
          lemuel_fruit_fields
Lair:3:   minmay_swamp_entry_worms, lemuel_fruit_tree, uniq_snorg
Lair:4:   basic_altar, st_stairs_8, grunt_megastairs_4
Lair:5:   lemuel_fruit_fields, minmay_lair_oklob_chamber,
          infiniplex_staircase_pool_2, uniq_josephine
Lair:6:   wormcave, slime_dummy
Swamp:1:  evilmike_swamp_ruin_house_1
Swamp:2:  nicolae_swamp_rocky_clearing, uniq_nikola, uniq_louise
Orc:1:    basic_altar, uniq_urug
Orc:2:    pf_orc_diabolical
Ossuary:  ossuary_minmay_tomb_2a
